 Dungeon Crawl Stone Soup version 0.16-a0-3458-g6d2551d (webtiles) character file.

116 NewYearsCrawler the Chopper (level 5, 0/41 HPs)
             Began as a Formicid Fighter on Jan 1, 2015.
             Slain by a gnoll (2 damage)
             ... on level 2 of the Dungeon.
             The game lasted 00:03:46 (1589 turns).

NewYearsCrawler the Chopper (Formicid Fighter)      Turns: 1589, Time: 00:03:46

Health: 0/41       AC:  6    Str: 21    XL:     5   Next: 20%
Magic:  7/7        EV:  7    Int:  8    God:
Gold:   94         SH:  9    Dex: 10    Spells: 0 memorised, 4 levels left

rFire  . . .     SeeInvis +     a - +0 war axe
rCold  . . .     Clarity  .     b - +0 scale mail
rNeg   . . .     SustAb   .     c - +0 shield
rPois  +         Gourm    .     (helmet unavailable)
rElec  .         Spirit   .     (no cloak)
rCorr  .         Warding  .     (no gloves)
rMut   +         Stasis   +     (no boots)
MR     .....                    n - amulet of resist mutation
Stlth  ..........               p - ring of poison resistance
                                (no ring)

@: not resistant to hostile enchantments, extremely unstealthy
A: permanent stasis, dig shafts and tunnels, four strong arms, antennae 3
a: Dig, Shaft Self


You were on level 2 of the Dungeon.
You were not hungry.

You visited 1 branch of the dungeon, and saw 2 of its levels.

You collected 94 gold pieces.

Inventory:

Hand weapons
 a - a +0 war axe (weapon)
Armour
 b - a +0 scale mail (worn)
 c - a +0 shield (worn)
Jewellery
 n - an amulet of resist mutation (around neck)
 p - a ring of poison resistance (right hand)
Magical devices
 o - a wand of magic darts (25)
Scrolls
 g - 2 scrolls of amnesia {unknown}
 h - a scroll of remove curse {unknown}
 q - a scroll of enchant armour {unknown}
 r - a scroll of recharging {unknown}
Potions
 e - 2 potions of might
 f - 2 potions of haste {unknown}
 i - 2 potions of restore abilities {unknown}
 j - a potion of heal wounds {unknown}
 l - a potion of agility {unknown}
 m - 2 potions of degeneration {unknown}
 s - a potion of curing {unknown}
Comestibles
 d - 3 bread rations
 k - a meat ration
 t - 2 chunks of flesh


   Skills:
 - Level 3.2 Fighting
 * Level 5.0 Axes
 - Level 3.2 Armour
 - Level 3.6 Shields


You had 4 spell levels left.
You didn't know any spells.

Dungeon Overview and Level Annotations

Branches:
Dungeon (2/15)

Altars:


Innate Abilities, Weirdness & Mutations

You are under a permanent stasis effect.
You can dig through walls and to a lower floor.
Your four strong arms can wield two-handed weapons with a shield.
You have a pair of large antennae on your head (SInv).


Message History

The gnoll is moderately wounded.
The gnoll hits you!
* * * LOW HITPOINT WARNING * * *
A gnoll is nearby!
You are too injured to fight recklessly!
You are too injured to fight recklessly!
You are too injured to fight recklessly!
You are too injured to fight recklessly!
You hit the gnoll.
The gnoll is heavily wounded.
The gnoll hits you.
* * * LOW HITPOINT WARNING * * *
You barely miss the gnoll.
The gnoll is heavily wounded.
You block the gnoll's attack. The gnoll hits you.
* * * LOW HITPOINT WARNING * * *
You barely miss the gnoll.
The gnoll is heavily wounded.
The gnoll hits you.
You die...

#........# ##....#### ###
##....# ..# .#....# .
####.# ......####.......#
.##.##........##.#
###.##.###.##.##)##########
....##.#
#.##.......).....####
######.#
#.<....@######......# #.#
#.#####g# #.#....# #.# ..#
#.#....# ###.##### ####
#.#....# #.......########
#.##.#.#
####....##.##.....#
#......#
.........#.##.....#
######.###
...............[..#
#.......#
......#..#.##.....#
#.####..#


You could see a gnoll.

Vanquished Creatures
  2 adders (D:2)
  6 gnolls (D:2)
  A giant mite (D:2)
  2 giant geckos (D:1)
  4 bats
  3 giant cockroaches (D:1)
  5 hobgoblins
  3 giant newts
  7 goblins
  A kobold (D:2)
  6 rats
40 creatures vanquished.

Notes
Turn   | Place    | Note
--------------------------------------------------------------
     0 | D:1      | NewYearsCrawler, the Formicid Fighter, began the quest for the Orb.
     0 | D:1      | Reached XP level 1. HP: 18/18 MP: 1/1
   402 | D:1      | Reached XP level 2. HP: 14/24 MP: 3/3
   912 | D:1      | Reached XP level 3. HP: 29/29 MP: 4/4
  1323 | D:2      | Reached XP level 4. HP: 25/35 MP: 5/5
  1392 | D:2      | Reached skill level 4 in Axes
  1575 | D:2      | Reached XP level 5. HP: 31/41 MP: 7/7
  1579 | D:2      | Reached skill level 5 in Axes
  1588 | D:2      | HP: 2/41 [gnoll (2)]
  1589 | D:2      | Slain by a gnoll

Action                   |  1- 3 |  4- 6 || total
-------------------------+-------+-------++-------
Melee: War axe           |    99 |    37 ||   136
  Eat: Chunk             |     1 |     1 ||     2
